3AA
YAKIMA HOPS @ VIRGINIA BEACH DEUCES
05/10/2020
 
TOP OF THE 1ST
Yakima Hops batting - Pitching for Virginia Beach Deuces : RHP Joseph Reed
Pitching: RHP Joseph Reed
Batting: SHB Carlos Sánchez 0-0: Ball
1-0: Ball
2-0: Ball
3-0: Called Strike
3-1: Swinging Strike
3-2: Strikes out looking
Batting: RHB Rafael Durango 0-0: Fly out, F9 (Flyball, 9S)
Batting: RHB Marshall Attwood 0-0: Foul Ball, location: 2F
0-1: Ground out 6-3 (Groundball, 6MS)
Top of the 1st over - 0 run(s), 0 hit(s), 0 error(s), 0 left on base; Yakima 0 - Virginia Beach 0
BOTTOM OF THE 1ST
Virginia Beach Deuces batting - Pitching for Yakima Hops : RHP Cisco Romero
Pitching: RHP Cisco Romero
Batting: RHB Joel Frazier 0-0: SINGLE (Flyball, 78S)
Batting: LHB Craig Lovins 0-0: Ball
Joel Frazier is caught stealing 2nd base
1-0: Called Strike
1-1: Ball
2-1: Swinging Strike
2-2: Foul Ball, location: 2F
2-2: Ball
3-2: SINGLE (Groundball, 4MD)
Batting: RHB Javier Santos 0-0: Foul Ball, location: 2F
0-1: Ball
1-1: Swinging Strike
1-2: Strikes out swinging
Batting: LHB Álex Burgos 0-0: Ground out 3-1 (Groundball, 34)
Bottom of the 1st over - 0 run(s), 2 hit(s), 0 error(s), 1 left on base; Yakima 0 - Virginia Beach 0
TOP OF THE 2ND
Yakima Hops batting - Pitching for Virginia Beach Deuces : RHP Joseph Reed
Batting: SHB Ramón Morales 0-0: Foul Ball, location: 2F
0-1: Foul Ball, location: 2F
0-2: Ball
1-2: Ball
2-2: Ground out 6-3 (Groundball, 6M)
Batting: RHB Tanner Watkins 0-0: Ball
1-0: Ground out 6-3 (Groundball, 6M)
Batting: LHB Jesús Quintanilla 0-0: Ball
1-0: Called Strike
1-1: Ball
2-1: SINGLE (Line Drive, 8LS)
Batting: RHB Cal Jackson 0-0: Ball
1-0: Ball
2-0: Ground out 5-3 (Groundball, 56S)
Top of the 2nd over - 0 run(s), 1 hit(s), 0 error(s), 1 left on base; Yakima 0 - Virginia Beach 0
BOTTOM OF THE 2ND
Virginia Beach Deuces batting - Pitching for Yakima Hops : RHP Cisco Romero
Batting: RHB Kelly Flint 0-0: Called Strike
0-1: Ball
1-1: DOUBLE (Flyball, 78D)
Batting: RHB Ludwig Kluge 0-0: Called Strike
0-1: Ball
1-1: Foul Ball, location: 2F
1-2: Ball
2-2: Strikes out swinging
Batting: RHB Luis Sáenz 0-0: Swinging Strike
0-1: Foul Ball, location: 2F
0-2: Ball
1-2: Ground out 6-3 (Groundball, 6M)
Kelly Flint to third
Batting: RHB Jim Unknown 0-0: Ball
1-0: Fly out, F4 (Popup, 4M)
Bottom of the 2nd over - 0 run(s), 1 hit(s), 0 error(s), 1 left on base; Yakima 0 - Virginia Beach 0
TOP OF THE 3RD
Yakima Hops batting - Pitching for Virginia Beach Deuces : RHP Joseph Reed
Batting: RHB Michael Martin 0-0: Ball
1-0: Foul Ball, location: 2F
1-1: Called Strike
1-2: SOLO HOME RUN (Line Drive, 7D), Distance : 416 ft
Batting: RHB Héctor Ruíz 0-0: Fly out, F6 (Popup, 56D)
Batting: SHB Carlos Sánchez 0-0: Ball
1-0: Foul Ball, location: 2F
1-1: Called Strike
1-2: Strikes out looking
Batting: RHB Rafael Durango 0-0: Ball
1-0: Called Strike
1-1: Ball
2-1: Ball
3-1: Ground out 6-3 (Groundball, 6M)
Top of the 3rd over - 1 run(s), 1 hit(s), 0 error(s), 0 left on base; Yakima 1 - Virginia Beach 0
BOTTOM OF THE 3RD
Virginia Beach Deuces batting - Pitching for Yakima Hops : RHP Cisco Romero
Batting: SHB Jim Unknown 0-0: Ball
1-0: Foul Ball, location: 2F
1-1: Swinging Strike
1-2: Strikes out swinging
Batting: RHB Joel Frazier 0-0: Ball
1-0: Called Strike
1-1: Foul Ball, location: 2F
1-2: Strikes out swinging
Batting: LHB Craig Lovins 0-0: Swinging Strike
0-1: Ball
1-1: SINGLE (Groundball, 34D)
Batting: RHB Javier Santos 0-0: Ball
1-0: Foul Ball, location: 2F
1-1: Ball
2-1: Called Strike
2-2: Foul Ball, location: 2F
2-2: Fly out, F2 (Popup, 2R)
Bottom of the 3rd over - 0 run(s), 1 hit(s), 0 error(s), 1 left on base; Yakima 1 - Virginia Beach 0
TOP OF THE 4TH
Yakima Hops batting - Pitching for Virginia Beach Deuces : RHP Joseph Reed
Batting: RHB Marshall Attwood 0-0: Called Strike
0-1: SINGLE (Flyball, 8RS)
Batting: SHB Ramón Morales 0-0: Called Strike
0-1: Ball
1-1: Ball
2-1: Ball
3-1: Base on Balls
Marshall Attwood to second
Batting: RHB Tanner Watkins 0-0: Called Strike
0-1: Ball
1-1: Ball
2-1: Ball
3-1: 3-RUN HOME RUN (Flyball, 7D), Distance : 410 ft
Batting: LHB Jesús Quintanilla 0-0: Called Strike
0-1: Ball
1-1: SOLO HOME RUN (Flyball, 89XD), Distance : 408 ft
Batting: RHB Cal Jackson 0-0: Called Strike
0-1: Ball
1-1: Ball
2-1: Fly out, F7 (Flyball, 8LM)
Batting: RHB Michael Martin 0-0: Ball
1-0: Ball
2-0: Fly out, F9 (Flyball, 9M)
Batting: RHB Héctor Ruíz 0-0: Called Strike
0-1: Ball
1-1: Ball
2-1: Swinging Strike
2-2: Strikes out looking
Top of the 4th over - 4 run(s), 3 hit(s), 0 error(s), 0 left on base; Yakima 5 - Virginia Beach 0
BOTTOM OF THE 4TH
Virginia Beach Deuces batting - Pitching for Yakima Hops : RHP Cisco Romero
Batting: LHB Álex Burgos 0-0: Called Strike
0-1: Called Strike
0-2: Ball
1-2: Foul Ball, location: 2F
1-2: Ball
2-2: Foul Ball, location: 2F
2-2: Ball
3-2: Strikes out swinging
Batting: RHB Kelly Flint 0-0: Ball
1-0: Swinging Strike
1-1: Fly out, F9 (Flyball, 89XD)
Now in RF: Jim Unknown
Batting: RHB Ludwig Kluge 0-0: Ball
1-0: Ball
2-0: Ball
3-0: Called Strike
3-1: Fly out, F6 (Line Drive, 6)
Bottom of the 4th over - 0 run(s), 0 hit(s), 0 error(s), 0 left on base; Yakima 5 - Virginia Beach 0
TOP OF THE 5TH
Yakima Hops batting - Pitching for Virginia Beach Deuces : RHP Joseph Reed
Batting: SHB Carlos Sánchez 0-0: Ball
1-0: Ball
2-0: Called Strike
2-1: Called Strike
2-2: Ball
3-2: Foul Ball, location: 2F
3-2: Strikes out swinging
Batting: RHB Rafael Durango 0-0: Called Strike
0-1: Fly out, F7 (Flyball, 78M)
Batting: RHB Marshall Attwood 0-0: Swinging Strike
0-1: Ball
1-1: Called Strike
1-2: Strikes out swinging
Top of the 5th over - 0 run(s), 0 hit(s), 0 error(s), 0 left on base; Yakima 5 - Virginia Beach 0
BOTTOM OF THE 5TH
Virginia Beach Deuces batting - Pitching for Yakima Hops : RHP Cisco Romero
Batting: RHB Luis Sáenz 0-0: Ball
1-0: Ball
2-0: Called Strike
2-1: Ball
3-1: Base on Balls
Batting: RHB Jim Unknown 0-0: Called Strike
0-1: SINGLE (Groundball, 4MD)
Luis Sáenz to second
Batting: SHB Jim Unknown 0-0: Ball
1-0: SINGLE (Groundball, 34)
Luis Sáenz to third
Jim Unknown to second
Batting: RHB Joel Frazier 0-0: Ball
1-0: Ball
2-0: Ball
3-0: Base on Balls
Luis Sáenz scores
Jim Unknown to third
Jim Unknown to second
Batting: LHB Craig Lovins 0-0: Called Strike
0-1: Ball
1-1: Swinging Strike
1-2: Ball
2-2: Ball
3-2: Strikes out swinging
Batting: RHB Javier Santos 0-0: Ball
1-0: Fielders Choice at 2nd, 5-4 (Groundball, 56)
Jim Unknown scores
Jim Unknown to third
Batting: LHB Álex Burgos 0-0: Ball
1-0: SINGLE (Line Drive, 34D)
Jim Unknown scores
Javier Santos to second
Batting: RHB Kelly Flint 0-0: Ball
1-0: Ball
2-0: Fly out, F7 (Popup, 6D)
Bottom of the 5th over - 3 run(s), 3 hit(s), 0 error(s), 2 left on base; Yakima 5 - Virginia Beach 3
TOP OF THE 6TH
Yakima Hops batting - Pitching for Virginia Beach Deuces : RHP Joseph Reed
Batting: SHB Ramón Morales 0-0: Ball
1-0: Ground out U3 (Groundball, 3L)
Batting: RHB Tanner Watkins 0-0: Called Strike
0-1: Ball
1-1: Called Strike
1-2: Strikes out looking
Batting: LHB Jesús Quintanilla 0-0: Ball
1-0: Swinging Strike
1-1: Ball
2-1: Ball
3-1: Base on Balls
Batting: RHB Cal Jackson 0-0: Ball
1-0: Ball
2-0: Ball
3-0: Called Strike
3-1: Base on Balls
Jesús Quintanilla to second
Batting: RHB Michael Martin 0-0: Called Strike
0-1: Called Strike
0-2: Ball
1-2: Ball
2-2: Ball
Reached via error on a dropped throw, E3
Jesús Quintanilla to third
Cal Jackson to second
Pitching: RHP Martin Benthall
Batting: RHB Jim Unknown 0-0: Called Strike
0-1: Ball
1-1: Called Strike
1-2: Ball
2-2: Ball
3-2: Base on Balls
Jesús Quintanilla scores
Cal Jackson to third
Michael Martin to second
Batting: SHB Carlos Sánchez 0-0: Called Strike
0-1: Ball
1-1: Swinging Strike
1-2: Ball
2-2: Ball
3-2: Ground out 6-3 (Groundball, 6)
Top of the 6th over - 1 run(s), 0 hit(s), 1 error(s), 3 left on base; Yakima 6 - Virginia Beach 3
BOTTOM OF THE 6TH
Virginia Beach Deuces batting - Pitching for Yakima Hops : RHP Cisco Romero
Batting: RHB Ludwig Kluge 0-0: Called Strike
0-1: Ground out 6-3 (Groundball, 6M)
Batting: RHB Luis Sáenz 0-0: Ball
1-0: Foul Ball, location: 2F
1-1: Ball
2-1: Foul Ball, location: 2F
2-2: Ball
3-2: Foul Ball, location: 2F
3-2: Base on Balls
Pitching: RHP Dave Beardsley
Batting: RHB Jim Unknown 0-0: Ball
1-0: Called Strike
1-1: Swinging Strike
1-2: Strikes out swinging
Batting: SHB Jim Unknown 0-0: Called Strike
0-1: Foul Ball, location: 2F
0-2: Ground out 4-3 (Groundball, 4)
Bottom of the 6th over - 0 run(s), 0 hit(s), 0 error(s), 1 left on base; Yakima 6 - Virginia Beach 3
TOP OF THE 7TH
Yakima Hops batting - Pitching for Virginia Beach Deuces : RHP Martin Benthall
Batting: RHB Rafael Durango 0-0: Called Strike
0-1: Fly out, F5 (Popup, 5F)
Batting: RHB Marshall Attwood 0-0: Ball
1-0: SINGLE (Line Drive, 8LS)
Batting: SHB Ramón Morales 0-0: Fly out, F8 (Flyball, 8RXD)
Batting: RHB Tanner Watkins 0-0: SINGLE (Groundball, 56S)
Marshall Attwood to second
Batting: LHB Jesús Quintanilla 0-0: DOUBLE (Groundball, 5L)
Marshall Attwood scores
Tanner Watkins to third
Runner from 3rd tries for Home, SAFE, no throw or cutoff
Batting: RHB Cal Jackson 0-0: Called Strike
0-1: Foul Ball, location: 2F
0-2: Foul Ball, location: 2F
0-2: Strikes out looking
Top of the 7th over - 2 run(s), 3 hit(s), 0 error(s), 1 left on base; Yakima 8 - Virginia Beach 3
BOTTOM OF THE 7TH
Virginia Beach Deuces batting - Pitching for Yakima Hops : RHP Dave Beardsley
Batting: RHB Joel Frazier 0-0: Swinging Strike
0-1: SINGLE (Groundball, 4MD)
Batting: LHB Craig Lovins 0-0: Ball
Joel Frazier is caught stealing 2nd base
1-0: Swinging Strike
1-1: Ground out 6-3 (Groundball, 6M)
Batting: RHB Javier Santos 0-0: Fly out, F3 (Line Drive, 3)
Bottom of the 7th over - 0 run(s), 1 hit(s), 0 error(s), 0 left on base; Yakima 8 - Virginia Beach 3
TOP OF THE 8TH
Yakima Hops batting - Pitching for Virginia Beach Deuces : RHP Martin Benthall
Batting: RHB Michael Martin 0-0: Ball
1-0: Called Strike
1-1: Fly out, F8 (Flyball, 8RM)
Batting: RHB Jim Unknown 0-0: Called Strike
0-1: Swinging Strike
0-2: Ball
1-2: Foul Ball, location: 2F
1-2: Strikes out swinging
Batting: SHB Carlos Sánchez 0-0: Called Strike
0-1: Ball
1-1: Swinging Strike
1-2: Ball
2-2: Strikes out swinging
Top of the 8th over - 0 run(s), 0 hit(s), 0 error(s), 0 left on base; Yakima 8 - Virginia Beach 3
BOTTOM OF THE 8TH
Virginia Beach Deuces batting - Pitching for Yakima Hops : RHP Dave Beardsley
Batting: LHB Álex Burgos 0-0: Ball
1-0: DOUBLE (Groundball, 3L)
Batting: RHB Kelly Flint 0-0: Ball
1-0: Ball
2-0: Ball
3-0: Base on Balls
Batting: RHB Ludwig Kluge 0-0: Ball
1-0: Fly out, F9 (Flyball, 9LM)
Pitching: LHP Dusty Mueller
Batting: RHB Luis Sáenz 0-0: Foul Ball, location: 2F
0-1: Ball
1-1: Foul Ball, location: 2F
1-2: Ball
2-2: Ball
3-2: Fly out, F8 (Flyball, 8RM)
3-2: Fly out, F8 (Flyball, 8RM)
Batting: RHB Jim Unknown 0-0: Swinging Strike
0-1: Ball
1-1: Called Strike
1-2: Ground out 6-3 (Groundball, 56)
Bottom of the 8th over - 0 run(s), 1 hit(s), 0 error(s), 2 left on base; Yakima 8 - Virginia Beach 3
TOP OF THE 9TH
Yakima Hops batting - Pitching for Virginia Beach Deuces : RHP Martin Benthall
Pitching: RHP Omer van Osch
Batting: RHB Rafael Durango 0-0: Called Strike
0-1: Swinging Strike
0-2: Foul Ball, location: 2F
0-2: Ball
1-2: Strikes out swinging
Batting: RHB Marshall Attwood 0-0: Ball
1-0: SINGLE (Line Drive, 89S)
Batting: SHB Ramón Morales 0-0: Ball
1-0: Foul Ball, location: 2F
1-1: Ball
2-1: SINGLE (Groundball, 56)
Marshall Attwood to second
Batting: RHB Tanner Watkins 0-0: Ball
1-0: Ball
2-0: Called Strike
2-1: Foul Ball, location: 2F
2-2: Foul Ball, location: 2F
2-2: Fly out, F7 (Flyball, 78M)
Batting: LHB Jesús Quintanilla 0-0: Swinging Strike
0-1: Ball
1-1: Ball
2-1: Called Strike
2-2: Strikes out swinging
Top of the 9th over - 0 run(s), 2 hit(s), 0 error(s), 2 left on base; Yakima 8 - Virginia Beach 3
BOTTOM OF THE 9TH
Virginia Beach Deuces batting - Pitching for Yakima Hops : LHP Dusty Mueller
Pitching: RHP Steve Bryan
Now at 1B: Sergio García
Batting: SHB Jim Unknown 0-0: Called Strike
0-1: Foul Ball, location: 2F
0-2: Ball
1-2: Foul Ball, location: 2F
1-2: Ball
2-2: Foul Ball, location: 2F
2-2: Fly out, F9 (Line Drive, 89M)
Batting: RHB Joel Frazier 0-0: Fly out, F1 (Line Drive, 13)
Batting: LHB Craig Lovins 0-0: Ball
1-0: Called Strike
1-1: Swinging Strike
1-2: Strikes out swinging
Bottom of the 9th over - 0 run(s), 0 hit(s), 0 error(s), 0 left on base; Yakima 8 - Virginia Beach 3
This league is powered by Out of the Park Baseball, the baseball management simulation game for PC, Mac and Linux
Friday, October 23rd, 2015 - OOTP Baseball 16.9 Build 39